General information
			
			
        
        - name: BNet
 
        - type: Ladder team game (AT/RT)
 
        - host: Battle.net
 
        - saver: sc2no.wc4yes
 
        
map: Highperch 
        - players: 6
 
        - length: 110:35
 
        - speed: Fast
 - version: 1.22 W3XP
 - replay type:  Public
 
» download(465 KB)
Players
        team 1 (loser) 
              
              
» 
TheRetard (
orange | 35 APM | 3908 actions | 110:31)
              
 8 Death Knight 
 3 Death Coil
 3 Unholy Aura
 1 Animate Dead
 1 Death Pact
 1 Mountain King 
 1 Thunder Clap
 
                » actions 
                
                | Assign group hotkey | 61 |  | 
| Basic commands | 747 |  | 
| Build / train | 88 |  | 
| Enter build submenu | 22 |  | 
| Enter hero's abilities submenu | 9 |  | 
| Remove unit from queue | 5 |  | 
| Right click | 1358 |  | 
| Select / deselect | 701 |  | 
| Select group hotkey | 697 |  | 
| Use ability | 220 |  | 
                3908 total
 » units 
                
                | Acolyte | 16 |  | 
| Centaur Outrunner | 1 |  | 
| Ghoul | 5 |  | 
| Crypt Fiend | 10 |  | 
| Obsidian Statue | 2 |  | 
| Meatwagon | 6 |  | 
| Frost Wyrm | 9 |  | 
| Gargoyle | 2 |  | 
                51 total
 » upgrades
                
                | Web | 1 |  | 
| Burrow | 1 |  | 
| Creature Carapace | 3 |  | 
| Creature Attack | 3 |  | 
| Disease Cloud | 1 |  | 
| Freezing Breath | 1 |  | 
| Stone Form | 1 |  | 
                11 total
 » buildings
                
                | Crypt | 1 |  | 
| Ziggurat | 7 |  | 
| Altar of Darkness | 1 |  | 
| Graveyard | 1 |  | 
| Halls of the Dead | 1 |  | 
| Slaughterhouse | 2 |  | 
| Tomb of Relics | 1 |  | 
| Black Citadel | 1 |  | 
| Sacrificial Pit | 1 |  | 
| Boneyard | 2 |  | 
                18 total
 » build order
                00:24 Crypt
00:28 Ziggurat
01:08 Altar of Darkness
01:43 Graveyard
03:01 Ziggurat
03:19 Ziggurat
03:36 Ziggurat
04:27 Halls of the Dead
07:09 Slaughterhouse
07:12 Ziggurat
07:17 Tomb of Relics
09:26 Ziggurat
09:28 Ziggurat
09:55 Black Citadel
10:54 Sacrificial Pit
12:22 Slaughterhouse
14:47 Boneyard
14:48 Boneyard
» items
                
                | Potion of Lesser Invulnerability | 1 |  | 
| Scroll of Protection | 1 |  | 
| Scroll of Town Portal | 3 |  | 
| Dust of Appearance | 2 |  | 
| Staff of Teleportation | 1 |  | 
                8 total
  
               
              
              
» 
ArXoN (
red | 50 APM | 3006 actions | 60:29)
              
 7 Mountain King 
 3 Storm Bolt
 3 Bash
 1 Avatar
 
                » actions 
                
                | Assign group hotkey | 31 |  | 
| Basic commands | 109 |  | 
| Build / train | 73 |  | 
| Enter build submenu | 28 |  | 
| Enter hero's abilities submenu | 7 |  | 
| Right click | 1952 |  | 
| Select / deselect | 596 |  | 
| Select group hotkey | 143 |  | 
| Use ability | 67 |  | 
                3006 total
 » units 
                
                | Peasant | 16 |  | 
| Footman | 3 |  | 
| Rifleman | 6 |  | 
| Priest | 2 |  | 
| Sorceress | 4 |  | 
| Knight | 1 |  | 
| Mortar Team | 14 |  | 
                46 total
 » upgrades
                
                | Gunpowder | 3 |  | 
| Long Rifles | 1 |  | 
| Plating | 2 |  | 
| Priest Training | 2 |  | 
| Sorceress Training | 2 |  | 
| Animal War Training | 1 |  | 
| Flare | 1 |  | 
| Fragmentation Shards | 1 |  | 
                13 total
 » buildings
                
                | Altar of Kings | 1 |  | 
| Farm | 10 |  | 
| Barracks | 2 |  | 
| Blacksmith | 1 |  | 
| Arcane Vault | 1 |  | 
| Keep | 1 |  | 
| Scout Tower | 2 |  | 
| Lumber Mill | 2 |  | 
| Arcane Sanctum | 2 |  | 
| Guard Tower | 1 |  | 
| Castle | 1 |  | 
| Workshop | 2 |  | 
                26 total
 » build order
                00:08 Altar of Kings
00:11 Farm
00:26 Barracks
01:22 Farm
01:43 Blacksmith
02:01 Farm
02:49 Farm
03:02 Arcane Vault
04:19 Keep
04:33 Scout Tower
05:17 Lumber Mill
05:57 Lumber Mill
06:10 Barracks
06:26 Farm
06:59 Arcane Sanctum
07:40 Guard Tower
07:52 Arcane Sanctum
08:23 Scout Tower
08:44 Farm
08:58 Castle
12:21 Farm
12:49 Workshop
13:22 Farm
14:48 Workshop
20:36 Farm
20:39 Farm
» items
                
                | Scroll of Regeneration | 2 |  | 
| Potion of Healing | 1 |  | 
                3 total
  
               
              
              
albani (
teal | 17 APM | 1882 actions | 110:31)
              
 5 Blademaster 
 3 Critical Strike
 1 Mirror Image
 1 Wind Walk
 5 Shadow Hunter 
 3 Healing Wave
 2 Hex
 
                » actions 
                
                | Build / train | 93 |  | 
| Enter build submenu | 35 |  | 
| Enter hero's abilities submenu | 10 |  | 
| Give item / drop item | 2 |  | 
| Remove unit from queue | 2 |  | 
| Right click | 960 |  | 
| Select / deselect | 706 |  | 
| Use ability | 74 |  | 
                1882 total
 » units 
                
                | Peon | 14 |  | 
| Grunt | 3 |  | 
| Shaman | 8 |  | 
| Tauren | 7 |  | 
| Demolisher | 8 |  | 
| Wind Rider | 8 |  | 
| Troll Batrider | 6 |  | 
| Troll Headhunter/Berserker | 1 |  | 
                55 total
 » upgrades
                
                | Spiked Barricades | 2 |  | 
| Shaman Training | 2 |  | 
| Armor | 2 |  | 
| Berserker Strength | 0 |  | 
| Burning Oil | 1 |  | 
| Envenomed Spears | 1 |  | 
| Pulverize | 1 |  | 
| Ranged Weapons | 1 |  | 
| Liquid Fire | 1 |  | 
| Reinforced Defenses | 1 |  | 
| Berserker Upgrade | 1 |  | 
                13 total
 » buildings
                
                | Altar of Storms | 1 |  | 
| Orc Burrow | 8 |  | 
| Barracks | 1 |  | 
| War Mill | 1 |  | 
| Stronghold | 1 |  | 
| Voodoo Lounge | 1 |  | 
| Watch Tower | 10 |  | 
| Fortress | 1 |  | 
| Spirit Lodge | 1 |  | 
| Tauren Totem | 2 |  | 
| Great Hall | 2 |  | 
| Beastiary | 2 |  | 
                31 total
 » build order
                00:08 Altar of Storms
00:18 Orc Burrow
01:06 Barracks
01:29 Orc Burrow
02:36 War Mill
03:03 Stronghold
04:19 Voodoo Lounge
04:35 Watch Tower
04:48 Orc Burrow
06:16 Fortress
06:24 Spirit Lodge
07:16 Orc Burrow
08:39 Tauren Totem
08:43 Tauren Totem
09:52 Great Hall
10:37 Orc Burrow
13:35 Orc Burrow
17:16 Beastiary
18:47 Beastiary
19:55 Orc Burrow
20:59 Orc Burrow
24:59 Watch Tower
25:35 Watch Tower
26:08 Watch Tower
28:06 Watch Tower
28:10 Watch Tower
35:59 Watch Tower
36:03 Watch Tower
36:52 Watch Tower
37:48 Watch Tower
56:02 Great Hall
» items
                
                | Healing Salve | 3 |  | 
| Lesser Clarity Potion | 3 |  | 
| Orb of Lightning | 1 |  | 
| Scroll of Speed | 1 |  | 
| Scroll of Town Portal | 1 |  | 
                9 total
  
               team 2 (winner) 
              
              
Pale.Nudist (
purple | 53 APM | 5846 actions | 110:31)
              
 7 Archmage 
 3 Blizzard
 3 Brilliance Aura
 1 Mass Teleport
 6 Blood Mage 
 3 Flame Strike
 2 Siphon Mana
 1 Summon Phoenix
 
                » actions 
                
                | Assign group hotkey | 38 |  | 
| Basic commands | 49 |  | 
| Build / train | 122 |  | 
| ESC pressed | 2 |  | 
| Enter build submenu | 30 |  | 
| Enter hero's abilities submenu | 13 |  | 
| Give item / drop item | 7 |  | 
| Right click | 3311 |  | 
| Select / deselect | 1188 |  | 
| Select group hotkey | 796 |  | 
| Use ability | 290 |  | 
                5846 total
 » units 
                
                | Peasant | 15 |  | 
| Footman | 5 |  | 
| Harpy Rogue | 1 |  | 
| Mortar Team | 5 |  | 
| Sorceress | 3 |  | 
| Flying Machine | 22 |  | 
                51 total
 » upgrades
                
                | Sorceress Training | 2 |  | 
| Gunpowder | 4 |  | 
| Flare | 1 |  | 
| Fragmentation Shards | 1 |  | 
| Flak Cannons | 1 |  | 
| Plating | 2 |  | 
| Lumber Harvesting | 1 |  | 
| Flying Machine Bombs | 1 |  | 
                13 total
 » buildings
                
                | Farm | 13 |  | 
| Altar of Kings | 1 |  | 
| Barracks | 1 |  | 
| Scout Tower | 1 |  | 
| Arcane Vault | 3 |  | 
| Arcane Tower | 2 |  | 
| Keep | 1 |  | 
| Town Hall | 4 |  | 
| Blacksmith | 1 |  | 
| Workshop | 5 |  | 
| Lumber Mill | 1 |  | 
| Arcane Sanctum | 1 |  | 
| Castle | 2 |  | 
                36 total
 » build order
                00:11 Farm
00:14 Altar of Kings
00:36 Barracks
00:59 Farm
01:46 Scout Tower
01:50 Farm
02:22 Arcane Vault
02:24 Arcane Tower
02:25 Arcane Tower
02:30 Arcane Vault
03:17 Farm
03:45 Farm
04:24 Keep
05:35 Town Hall
06:43 Blacksmith
07:21 Workshop
07:23 Workshop
07:28 Workshop
07:49 Lumber Mill
09:48 Arcane Sanctum
10:35 Farm
10:37 Farm
10:38 Farm
12:08 Arcane Vault
12:17 Castle
20:25 Farm
20:27 Farm
20:30 Farm
20:31 Farm
21:23 Workshop
21:23 Workshop
38:39 Town Hall
38:46 Town Hall
39:54 Town Hall
53:40 Farm
» items
                
                | Scroll of Regeneration | 4 |  | 
| Lesser Clarity Potion | 4 |  | 
| Staff of Teleportation | 2 |  | 
| Boots of Speed | 2 |  | 
| Staff of Sanctuary | 2 |  | 
| Orb of Fire | 1 |  | 
| Scroll of Town Portal | 2 |  | 
| Potion of Lesser Invulnerability | 1 |  | 
                18 total
  
               
              
              
» 
Barathrum (
blue | 31 APM | 3415 actions | 110:31)
              
 6 Blademaster 
 3 Wind Walk
 2 Critical Strike
 1 Bladestorm
 1 Goblin Tinker 
 1 Pocket Factory
 
                » actions 
                
                | Basic commands | 3 |  | 
| Build / train | 68 |  | 
| Enter build submenu | 18 |  | 
| Enter hero's abilities submenu | 8 |  | 
| Give item / drop item | 6 |  | 
| Right click | 2046 |  | 
| Select / deselect | 1136 |  | 
| Use ability | 129 |  | 
                3415 total
 » units 
                
                | Peon | 7 |  | 
| Grunt | 3 |  | 
| Shaman | 10 |  | 
| Tauren | 9 |  | 
                29 total
 » upgrades
                
                | Shaman Training | 2 |  | 
| Melee Weapons | 2 |  | 
| Armor | 2 |  | 
| Pulverize | 1 |  | 
                7 total
 » buildings
                
                | Altar of Storms | 1 |  | 
| Orc Burrow | 6 |  | 
| Barracks | 1 |  | 
| Stronghold | 1 |  | 
| War Mill | 1 |  | 
| Spirit Lodge | 1 |  | 
| Fortress | 1 |  | 
| Tauren Totem | 1 |  | 
| Voodoo Lounge | 1 |  | 
| Watch Tower | 5 |  | 
                19 total
 » build order
                00:16 Altar of Storms
00:19 Orc Burrow
00:27 Barracks
01:54 Orc Burrow
03:18 Stronghold
03:48 War Mill
03:55 Orc Burrow
05:06 Orc Burrow
05:49 Spirit Lodge
06:49 Fortress
09:35 Tauren Totem
09:44 Voodoo Lounge
20:58 Orc Burrow
21:00 Orc Burrow
36:34 Watch Tower
36:35 Watch Tower
36:37 Watch Tower
36:40 Watch Tower
36:42 Watch Tower
» items
                
                | Scroll of Healing | 1 |  | 
| Orb of Lightning | 1 |  | 
| Potion of Healing | 9 |  | 
| Potion of Mana | 3 |  | 
| Healing Salve | 3 |  | 
| Lesser Clarity Potion | 2 |  | 
| Scroll of Town Portal | 2 |  | 
                21 total
  
               
              
              
» 
sc2no.wc4yes (
yellow | 32 APM | 3571 actions | 110:35)
              
 5 Mountain King 
 3 Storm Bolt
 2 Bash
 3 Goblin Alchemist 
 2 Acid Bomb
 1 Healing Spray
 3 Naga Sea Witch 
 2 Frost Arrows
 1 Forked Lightning
 2 Goblin Tinker 
 1 Pocket Factory
 1 Engineering Upgrade
 
                » actions 
                
                | Assign group hotkey | 59 |  | 
| Basic commands | 136 |  | 
| Build / train | 158 |  | 
| ESC pressed | 3 |  | 
| Enter build submenu | 121 |  | 
| Enter hero's abilities submenu | 14 |  | 
| Give item / drop item | 9 |  | 
| Right click | 1226 |  | 
| Select / deselect | 542 |  | 
| Select group hotkey | 1013 |  | 
| Use ability | 290 |  | 
                3571 total
 » units 
                
                | Peasant | 30 |  | 
| Priest | 2 |  | 
| Gryphon Rider | 1 |  | 
| Dragonhawk Rider | 12 |  | 
                45 total
 » upgrades
                
                | Masonry | 3 |  | 
| Lumber Harvesting | 2 |  | 
| Magic Sentry | 1 |  | 
| Cloud | 1 |  | 
| Swords | 3 |  | 
| Armor | 3 |  | 
                13 total
 » buildings
                
                | Altar of Kings | 2 |  | 
| Farm | 19 |  | 
| Lumber Mill | 2 |  | 
| Scout Tower | 86 |  | 
| Guard Tower | 48 |  | 
| Town Hall | 1 |  | 
| Keep | 2 |  | 
| Castle | 1 |  | 
| Arcane Sanctum | 2 |  | 
| Gryphon Aviary | 2 |  | 
| Arcane Vault | 2 |  | 
| Blacksmith | 1 |  | 
| Arcane Tower | 4 |  | 
                172 total
 » build order
                00:11 Altar of Kings
00:14 Farm
00:49 Lumber Mill
00:52 Lumber Mill
01:15 Farm
01:58 Scout Tower
02:03 Farm
02:27 Guard Tower
02:29 Scout Tower
02:38 Farm
03:03 Guard Tower
03:07 Scout Tower
03:16 Scout Tower
03:37 Guard Tower
03:39 Scout Tower
03:40 Scout Tower
03:43 Scout Tower
03:45 Guard Tower
04:14 Scout Tower
04:15 Scout Tower
04:16 Guard Tower
04:20 Scout Tower
04:21 Scout Tower
04:22 Guard Tower
04:55 Guard Tower
04:57 Scout Tower
04:58 Scout Tower
05:02 Guard Tower
05:04 Scout Tower
05:07 Scout Tower
05:15 Guard Tower
05:15 Guard Tower
05:35 Town Hall
05:40 Guard Tower
05:45 Guard Tower
05:56 Guard Tower
06:03 Guard Tower
06:07 Scout Tower
06:08 Scout Tower
06:12 Scout Tower
06:13 Scout Tower
06:40 Guard Tower
06:42 Scout Tower
06:42 Scout Tower
06:46 Guard Tower
06:46 Guard Tower
06:50 Scout Tower
06:53 Scout Tower
07:25 Guard Tower
07:27 Scout Tower
07:28 Scout Tower
07:31 Scout Tower
07:32 Scout Tower
07:34 Guard Tower
07:34 Guard Tower
08:23 Keep
08:26 Guard Tower
08:29 Scout Tower
08:30 Scout Tower
08:35 Scout Tower
08:36 Scout Tower
08:38 Guard Tower
09:15 Guard Tower
09:17 Scout Tower
09:17 Scout Tower
09:32 Scout Tower
09:32 Scout Tower
09:33 Guard Tower
09:50 Guard Tower
09:52 Scout Tower
09:53 Scout Tower
10:08 Guard Tower
10:10 Scout Tower
10:11 Scout Tower
10:54 Guard Tower
10:59 Scout Tower
11:00 Scout Tower
11:02 Guard Tower
12:05 Castle
12:10 Scout Tower
12:10 Scout Tower
12:13 Guard Tower
12:16 Arcane Sanctum
12:18 Gryphon Aviary
12:26 Arcane Sanctum
12:49 Guard Tower
12:51 Scout Tower
12:52 Scout Tower
13:04 Gryphon Aviary
13:07 Farm
13:09 Farm
13:09 Farm
13:10 Farm
13:33 Guard Tower
13:34 Scout Tower
13:35 Scout Tower
13:45 Arcane Vault
13:49 Blacksmith
14:42 Guard Tower
14:45 Scout Tower
14:45 Scout Tower
15:57 Guard Tower
16:13 Guard Tower
16:48 Guard Tower
16:49 Scout Tower
16:50 Scout Tower
17:15 Guard Tower
17:37 Guard Tower
18:05 Guard Tower
18:24 Arcane Vault
18:56 Scout Tower
18:57 Scout Tower
18:57 Scout Tower
19:14 Farm
19:14 Farm
19:15 Farm
19:15 Farm
19:26 Guard Tower
20:17 Scout Tower
20:47 Guard Tower
21:05 Scout Tower
21:06 Scout Tower
21:46 Guard Tower
22:34 Guard Tower
24:25 Guard Tower
28:18 Guard Tower
28:31 Keep
28:43 Scout Tower
28:44 Scout Tower
28:46 Scout Tower
28:47 Scout Tower
28:49 Scout Tower
28:49 Scout Tower
28:53 Scout Tower
28:54 Scout Tower
28:55 Scout Tower
28:57 Scout Tower
28:58 Scout Tower
28:59 Scout Tower
29:03 Scout Tower
29:20 Scout Tower
29:21 Scout Tower
29:23 Guard Tower
29:54 Guard Tower
29:58 Scout Tower
29:59 Scout Tower
30:00 Scout Tower
30:00 Scout Tower
30:02 Scout Tower
30:03 Scout Tower
30:04 Scout Tower
30:06 Scout Tower
30:34 Guard Tower
61:55 Scout Tower
62:00 Scout Tower
63:00 Arcane Tower
64:05 Scout Tower
64:12 Scout Tower
64:34 Arcane Tower
64:40 Arcane Tower
64:43 Scout Tower
64:46 Scout Tower
66:28 Arcane Tower
104:54 Altar of Kings
104:59 Farm
105:06 Farm
105:10 Farm
105:17 Farm
105:54 Farm
106:00 Farm
106:09 Farm
» items
                
                | Staff of Teleportation | 4 |  | 
| Boots of Speed | 2 |  | 
| Ivory Tower | 11 |  | 
| Scroll of Town Portal | 4 |  | 
| Tiny Great Hall | 1 |  | 
| Orb of Lightning | 1 |  | 
| Mechanical Critter | 5 |  | 
                28 total
  
                Chat log
          (00:18 / Allies) sc2no.wc4yes: im going to tower mid
(00:23 / Allies) sc2no.wc4yes: k?
(00:33 / Allies) Pale.Nudist: what's that do?
(00:43 / Allies) sc2no.wc4yes: its a fun way to play this map
(01:29 / Allies) sc2no.wc4yes: use burow
(02:41 / All) sc2no.wc4yes: obama 08
(04:48 / Allies) sc2no.wc4yes: gold/wood pls
(04:51 / Allies) sc2no.wc4yes: ill pay back ina  minite
(05:11 / Allies) sc2no.wc4yes: no really
(05:13 / Allies) sc2no.wc4yes: dont be greed
(05:14 / Allies) sc2no.wc4yes: its a team game
(05:24 / Allies) sc2no.wc4yes: ty
(05:49 / Allies) sc2no.wc4yes: stay under 50 food
(05:50 / Allies) sc2no.wc4yes: get that expo up
(05:53 / Allies) sc2no.wc4yes: get anti siege and aa
(05:57 / Allies) sc2no.wc4yes: and we win
(06:07 / Allies) Pale.Nudist: they have 2 expos 2 :D
(07:05 / Allies) sc2no.wc4yes: get hero
(07:17 / Allies) sc2no.wc4yes: b
(07:17 / Allies) sc2no.wc4yes: b
(08:07 / Allies) sc2no.wc4yes: can i have a bit of gold
(08:12 / Allies) sc2no.wc4yes: i really need to tech but i keep makign towers
(08:23 / Allies) sc2no.wc4yes: ty
(09:03 / All) Pale.Nudist: expanding alcolyte nice
(09:58 / Allies) sc2no.wc4yes: good level 3 at last
(10:48 / Allies) Barathrum: lumber plz
(10:50 / Allies) Pale.Nudist: upgrade armor more
(10:54 / Allies) Pale.Nudist: on yer towers
(11:00 / Allies) Barathrum: lumber plz
(11:03 / Allies) Pale.Nudist: also upgrade detect
(11:40 / All) sc2no.wc4yes: move
(11:41 / Allies) sc2no.wc4yes: no melee
(11:42 / Allies) sc2no.wc4yes: move
(11:42 / Allies) sc2no.wc4yes: fuck 
(11:47 / Allies) sc2no.wc4yes: NO MELEE
(11:48 / Allies) sc2no.wc4yes: BACK GRUNTS
(11:49 / Allies) sc2no.wc4yes: NO FEED
(11:51 / Allies) sc2no.wc4yes: NO FFEED
(11:52 / Allies) sc2no.wc4yes: NO FEED
(11:52 / Allies) sc2no.wc4yes: BLUE
(11:53 / Allies) sc2no.wc4yes: NO
(11:54 / Allies) sc2no.wc4yes: NO
(11:54 / Allies) sc2no.wc4yes: BLUE
(11:55 / Allies) sc2no.wc4yes: BAD
(11:55 / Allies) sc2no.wc4yes: NO
(11:56 / Allies) sc2no.wc4yes: BLUE
(11:56 / Allies) sc2no.wc4yes: BAD
(12:04 / Allies) Barathrum: stfu
(12:05 / Allies) Barathrum: u have nothing
(12:20 / Allies) sc2no.wc4yes: just dont feed plz
(12:33 / Allies) Barathrum: all they need
(12:34 / Allies) Barathrum: is 
(12:36 / Allies) Barathrum: wurms
(12:38 / Allies) Barathrum: or tansk
(12:40 / Allies) Barathrum: tanks
(12:41 / Allies) sc2no.wc4yes: im getting hawks
(12:45 / Allies) sc2no.wc4yes: and dont worry towers will be plenty
(12:59 / Allies) sc2no.wc4yes: just keep morts from getting lured forward
(13:10 / Allies) Pale.Nudist: O.o
(13:12 / Allies) Pale.Nudist: they are on hold
(13:21 / Allies) sc2no.wc4yes: theyre gonna get siege
(13:25 / Allies) sc2no.wc4yes: we have to micro our siege well
(13:29 / All) Pale.Nudist: so? o.o
(13:30 / Allies) sc2no.wc4yes: and not get lured
(14:04 / Allies) sc2no.wc4yes: kil lit with mots
(14:07 / Allies) sc2no.wc4yes: back now
(14:21 / Allies) sc2no.wc4yes: morst
(15:14 / Allies) sc2no.wc4yes: no melee blue
(15:19 / Allies) sc2no.wc4yes: ull just be running back and forth
(15:50 / Allies) sc2no.wc4yes: no melee its just food
(16:09 / Allies) sc2no.wc4yes: b
(16:10 / Allies) sc2no.wc4yes: lure them
(16:19 / Allies) sc2no.wc4yes: back
(16:20 / Allies) sc2no.wc4yes: wow
(16:21 / Allies) sc2no.wc4yes: afk?
(16:24 / Allies) sc2no.wc4yes: afk?
(17:35 / Allies) Barathrum: use my units
(17:38 / Allies) Barathrum: ill use my hero
(19:05 / Allies) sc2no.wc4yes: blue 
(19:06 / Allies) sc2no.wc4yes: raid here
(19:08 / Allies) sc2no.wc4yes: and tp home
(19:32 / Allies) sc2no.wc4yes: run
(20:08 / Allies) sc2no.wc4yes: shit
(20:11 / Allies) sc2no.wc4yes: blue can you get a tinker
(20:13 / Allies) sc2no.wc4yes: and let me control it?
(20:34 / Allies) sc2no.wc4yes: i forgot i needed a tinekr
(20:35 / Allies) sc2no.wc4yes: for this strat
(20:43 / Allies) Barathrum: k
(21:06 / Allies) Barathrum: what if they get air
(21:07 / Allies) Barathrum: and go around
(21:11 / Allies) sc2no.wc4yes: i have a few hawks
(21:18 / Allies) sc2no.wc4yes: k blue ill hadnly the tinker
(21:36 / Allies) sc2no.wc4yes: b
(23:18 / Allies) Barathrum: my gold mine is dead
(23:39 / Allies) Pale.Nudist: i stayed at no upkeep
(23:43 / Allies) Pale.Nudist: ill mass coptors event
(24:08 / All) Barathrum: honestly
(24:12 / All) Barathrum: this is reallyp issing me off
(24:18 / All) TheRetard: yeah its retarded
(24:19 / Allies) sc2no.wc4yes: ?
(24:22 / All) sc2no.wc4yes: cry more
(24:31 / Allies) Barathrum: gold and lumber plz
(24:33 / Allies) sc2no.wc4yes: dont worry
(24:38 / Allies) sc2no.wc4yes: well have invincible position soon
(26:16 / Allies) sc2no.wc4yes: shit omw
(27:31 / Allies) Barathrum: i need gold
(27:33 / Allies) Barathrum: so i can
(27:35 / Allies) Barathrum: poition and shit
(29:06 / Allies) sc2no.wc4yes: tp uop here now
(29:08 / Allies) sc2no.wc4yes: bring all the aa u can
(29:12 / Allies) sc2no.wc4yes: kill ur own melee and tp up here
(29:27 / Allies) sc2no.wc4yes: u hear me?
(29:29 / Allies) sc2no.wc4yes: mass aa and get up here
(30:11 / Allies) sc2no.wc4yes: fuck  igotta afk
(30:39 / Allies) Barathrum: puirple
(31:32 / Allies) Barathrum: give me gold
(31:33 / Allies) Barathrum: yellow
(31:33 / Allies) Barathrum: ffs
(33:33 / All) TheRetard: you hit my mine like im hurting for gold
(34:33 / Allies) sc2no.wc4yes: get aa up to that cliff spot
(34:35 / Allies) sc2no.wc4yes: and keep it there
(34:37 / Allies) sc2no.wc4yes: dont lose it soemwoher eelse
(35:47 / Allies) sc2no.wc4yes: get gyros to cliff and keep em safe there
(35:50 / Allies) sc2no.wc4yes: afk again
(36:16 / Allies) Barathrum: kill there bases
(36:18 / Allies) Barathrum: ill spin
(36:20 / Allies) Barathrum: if they teleport
(37:21 / All) TheRetard: put a peon over here
(37:37 / All) TheRetard: why delay your loss?
(37:50 / All) TheRetard: McCain/Palin 08
(38:04 / All) Barathrum: if ur a moron
(39:26 / All) Barathrum: who will finish who?
(40:19 / Allies) Barathrum: kill main hall
(42:21 / Allies) Barathrum: id
(42:21 / Allies) Barathrum: use
(42:23 / Allies) Barathrum: dragon hawks
(42:24 / Allies) Barathrum: and end it
(43:28 / All) Barathrum: so whats
(43:28 / Allies) Barathrum: THe
(43:31 / All) Barathrum: the status
(43:35 / All) Barathrum: U guys r dead
(43:37 / All) Barathrum: were dead
(43:43 / All) Barathrum: teal got units?
(43:48 / All) TheRetard: flare
(44:34 / Allies) Barathrum: purp
(44:35 / Allies) Barathrum: upgrade
(44:36 / Allies) Barathrum: and get
(44:37 / Allies) Barathrum: more 
(44:40 / Allies) Barathrum: flying machines
(45:37 / All) sc2no.wc4yes: BACK
(45:40 / All) sc2no.wc4yes: DID I WIN YET
(45:42 / All) TheRetard: FRONT
(46:01 / Allies) Barathrum: kill his building
(46:03 / Allies) Barathrum: he aint gaurding
(46:13 / All) Barathrum: blade master
(46:14 / All) Barathrum: has fallen
(46:24 / All) Barathrum: ROFL
(46:27 / All) Barathrum: UNDEAD
(46:28 / All) Barathrum: MORTS
(46:29 / All) Barathrum: GG
(46:48 / All) sc2no.wc4yes: aww we already won 
(46:49 / All) sc2no.wc4yes: zzz
(46:52 / All) sc2no.wc4yes: i wanted it to be close
(47:11 / All) Barathrum: run through towers
(47:12 / All) Barathrum: hahahaha
(47:14 / All) sc2no.wc4yes: we are winning this like obama
(47:17 / All) sc2no.wc4yes: u have no chance
(47:40 / Allies) Pale.Nudist: this
(47:41 / Allies) Pale.Nudist: is gay
(47:54 / All) Barathrum: 200 gold
(47:55 / All) Barathrum: gratz
(47:58 / Allies) sc2no.wc4yes: im flat broke
(48:07 / Allies) Barathrum: purple
(48:08 / Allies) Barathrum: has
(48:10 / Allies) Barathrum: 3300
(48:13 / Allies) sc2no.wc4yes: lol nice
(49:05 / Allies) Pale.Nudist: dood
(49:06 / Allies) Pale.Nudist: stop
(49:08 / Allies) Pale.Nudist: faggot lol
(49:14 / All) ArXoN: lol
(49:22 / All) Pale.Nudist: ally is killing my shit lol
(49:28 / Allies) Pale.Nudist: stop man
(49:28 / Allies) Barathrum: why yellow
(49:51 / Allies) Barathrum: purple
(49:53 / Allies) Barathrum: finish building
(50:28 / Allies) Barathrum: use dragon hawks
(50:37 / Allies) Barathrum: and gyros
(51:26 / Allies) Barathrum: wtf yellow
(51:30 / Allies) sc2no.wc4yes: lol
(51:34 / Allies) Barathrum: end it
(51:39 / All) sc2no.wc4yes: purp has a bas etop left
(51:54 / Allies) Barathrum: purp
(51:55 / Allies) Barathrum: just kill
(51:58 / Allies) Barathrum: his shit
(52:31 / All) sc2no.wc4yes: kill those gyro or u lseo
(52:54 / Allies) Barathrum: yellow
(52:55 / Allies) Barathrum: reporting u
(52:58 / All) sc2no.wc4yes: hes gonig for ur main
(53:11 / All) sc2no.wc4yes: wow you blow ass orange
(53:12 / All) sc2no.wc4yes: l2web
(53:42 / All) sc2no.wc4yes: if u kill his 4 gyros and 2 heros he only has a couple mains left
(53:55 / All) Pale.Nudist: O.o
(54:07 / Allies) Pale.Nudist: Yo, could you please just end this?
(54:13 / Allies) Barathrum: ya
(54:15 / Allies) Barathrum: id like
(54:17 / Allies) Barathrum: to do something else
(54:19 / Allies) Pale.Nudist: This is kinda weird
(54:20 / Allies) sc2no.wc4yes: no
(54:23 / Allies) sc2no.wc4yes: i want a 12 hour game
(54:41 / Allies) Barathrum: ill tell em where ur at
(54:46 / Allies) sc2no.wc4yes: ??
(54:48 / Allies) sc2no.wc4yes: they know already
(54:59 / Allies) Barathrum: kill hall
(55:30 / All) Pale.Nudist: lol ally kills my heros
(55:31 / All) Pale.Nudist: nice
(55:40 / Allies) Pale.Nudist: u gay man?
(55:44 / Allies) Pale.Nudist: faggot o.O
(56:20 / All) Pale.Nudist: lol
(56:37 / All) sc2no.wc4yes: purp still has a hall top left
(56:43 / All) Barathrum: yellow
(56:44 / All) Barathrum: is
(56:47 / All) Barathrum: right aside middle
(56:47 / All) Pale.Nudist: ure killing it anyways queer
(56:49 / All) Barathrum: with towers
(56:54 / All) Barathrum: and dragon hawks
(56:58 / All) Barathrum: he wanted a stale mate
(56:59 / All) sc2no.wc4yes: they know
(57:01 / All) sc2no.wc4yes: ;)
(57:04 / All) Barathrum: cause hes gay
(57:06 / All) Barathrum: im gonna report
(57:07 / All) Barathrum: him
(57:09 / All) Barathrum: though
(57:11 / All) Barathrum: for team back stabbing
(57:14 / All) sc2no.wc4yes: for replays like this visit http://highper.ch
(57:18 / All) Pale.Nudist: like it matters?
(57:25 / All) Barathrum: ya he will have 2 rebuy the game
(57:30 / All) Barathrum: they will ban his cd key
(57:31 / All) Barathrum: so
(57:34 / All) Barathrum: hes out 40 dolalrs
(57:35 / All) Pale.Nudist: not even an offense
(57:44 / All) Pale.Nudist: he can do what he wants
(57:57 / Allies) sc2no.wc4yes: give me your ogld purp
(57:59 / Allies) sc2no.wc4yes: and ill end it
(58:03 / Allies) sc2no.wc4yes: as a sign of tribute
(58:05 / Allies) sc2no.wc4yes: and loyalty
(58:30 / Allies) Pale.Nudist: tribute?
(58:33 / Allies) Pale.Nudist: to wut?
(58:37 / All) TheRetard: So hows the weather there
(58:43 / All) Barathrum: hoof
(58:43 / All) Pale.Nudist: getting bad
(58:45 / All) Barathrum: good
(58:48 / All) Barathrum: getting rdy for kentucky
(58:51 / All) Barathrum: then the DOGS
(58:58 / All) TheRetard: I live in KY too
(59:04 / All) Pale.Nudist: We know
(59:05 / All) Barathrum: gl on sat
(59:07 / All) Pale.Nudist: Hence Kentucky
(59:23 / All) Barathrum: i wish FL would play texas
(59:26 / All) Barathrum: Big 12 = no defense
(59:46 / All) TheRetard: so um
(59:53 / All) TheRetard: How the fuck did he get a peon up there
(60:04 / All) Barathrum: thats a good question
(60:07 / All) sc2no.wc4yes: for a guide go to http://highper.ch
(60:12 / All) ArXoN: bye
(60:17 / All) ArXoN: fuck game
(60:23 / All) ArXoN: yellow noob
(60:25 / All) sc2no.wc4yes: tk before you go
(60:26 / All) sc2no.wc4yes: Red
(60:29 / All) sc2no.wc4yes: itll be a laugh
(60:38 / All) Pale.Nudist: douche
(60:55 / All) Barathrum: how did he get a peon up there
(61:01 / All) sc2no.wc4yes: i used your hero ffs blue
(61:11 / All) Barathrum: which 1
(61:16 / Allies) sc2no.wc4yes: the tinker
(61:21 / All) Barathrum: ok
(61:22 / All) Barathrum: and how
(61:23 / All) Barathrum: do u 
(61:23 / Allies) sc2no.wc4yes: i set a robo shop on a higher ldge
(61:28 / Allies) Barathrum: ya
(61:28 / Allies) sc2no.wc4yes: then use staff of tp to go up a level
(61:32 / Allies) sc2no.wc4yes: repeat a few times and hero is at top
(61:37 / Allies) sc2no.wc4yes: then i set up quick towers and a quick hall
(61:40 / Allies) sc2no.wc4yes: from hu shop and orc shop
(61:43 / Allies) sc2no.wc4yes: then i can tp to it
(61:50 / All) Pale.Nudist: that's queermo
(61:57 / Allies) Barathrum: thats fucking awesome
(62:00 / Allies) Barathrum: im so doing it
(62:05 / All) Pale.Nudist: y?
(62:10 / Allies) sc2no.wc4yes: yeah when i found out about it right away i went to try it
(62:12 / Allies) sc2no.wc4yes: ive done it a few times now
(62:14 / Allies) sc2no.wc4yes: its fun
(62:18 / All) sc2no.wc4yes: im 7-0 with this strat
(62:25 / All) sc2no.wc4yes: havent been beat yet, noobs just dont know how to counter towers
(62:28 / All) Pale.Nudist: he's lucky i played along
(62:32 / All) Pale.Nudist: and saved his ass
(62:42 / Allies) Barathrum: so even if they have air
(62:45 / Allies) Barathrum: ur hawks
(62:46 / Allies) Barathrum: hold em
(62:50 / All) sc2no.wc4yes: it was important for purp to have morts that true
(63:02 / Allies) Barathrum: what happens if they have elf
(63:03 / All) Pale.Nudist: uhh the aoe raped their seige
(63:08 / Allies) sc2no.wc4yes: what about elf?
(63:15 / Allies) Barathrum: chims
(63:15 / Allies) Barathrum: and
(63:19 / All) TheRetard: Ill be thumbsing down this map
(63:24 / Allies) sc2no.wc4yes: the hipps die to towers and the chims get webbed
(63:31 / All) sc2no.wc4yes: yiou wont be the first
(63:33 / All) sc2no.wc4yes: orange
(63:33 / All) TheRetard: How much gold you got left
(63:37 / All) sc2no.wc4yes: 569
(63:38 / All) Pale.Nudist: Retard, please do us a favor and leave
(63:44 / All) sc2no.wc4yes: purple has liek 2k
(63:45 / All) TheRetard: Use to be
(63:48 / All) Pale.Nudist: He just wants to keep u here
(63:52 / All) TheRetard: thumbs down
(64:00 / All) Pale.Nudist: k thumbs down it
(64:01 / All) TheRetard: I only put it back up for a chance of seneory
(64:05 / All) Pale.Nudist: just shut the fuck up and go
(64:09 / All) Pale.Nudist: ^^
(64:09 / All) TheRetard: Nope
(64:10 / All) Pale.Nudist: ty
(64:18 / All) Barathrum: ima see how long it takes
(64:21 / All) Barathrum: cause this is funny
(64:24 / All) Pale.Nudist: This is
(64:30 / All) Pale.Nudist: Psychology now
(64:31 / All) TheRetard: not funny, sad
(64:34 / All) Pale.Nudist: Yellow
(64:38 / All) Pale.Nudist: Is mindfucking u
(64:44 / All) Pale.Nudist: And you're weak enough to be mindfucked
(64:48 / All) TheRetard: Doesnt bother me
(64:48 / All) Pale.Nudist: fucking nimwit
(64:52 / All) Pale.Nudist: No shit
(64:57 / All) sc2no.wc4yes: obama 08
(64:57 / All) Pale.Nudist: You're from rural Kentucky'
(65:01 / All) Pale.Nudist: U faggot hick
(65:02 / All) sc2no.wc4yes: 55% to 40%
(65:04 / All) sc2no.wc4yes: its a sure thing
(65:08 / All) sc2no.wc4yes: obama gobama
(65:10 / All) Barathrum: where r u from?
(65:16 / All) Pale.Nudist: Polls are bad indication
(65:20 / All) sc2no.wc4yes: 15 point lead?
(65:21 / All) Pale.Nudist: Dum shit
(65:25 / All) sc2no.wc4yes: when has that happened before
(65:33 / All) Pale.Nudist: Who cares
(65:39 / All) Pale.Nudist: If this faggot wins the popular vote
(65:47 / All) Pale.Nudist: That's all he'll win
(65:55 / All) TheRetard: YOou map hacking?
(65:56 / All) Barathrum: Mcain 
(65:59 / All) Barathrum: is the reason
(66:01 / All) Barathrum: r country
(66:02 / All) Barathrum: is fucked
(66:05 / All) Pale.Nudist: ROFL
(66:05 / All) Barathrum: 90%
(66:07 / All) Barathrum: with bush
(66:09 / All) Barathrum: 1999
(66:13 / All) TheRetard: YOu're dumb
(66:13 / All) Barathrum: deregulation
(66:19 / All) Barathrum: HE VOTED FOR BANKS
(66:19 / All) Barathrum: AND
(66:19 / All) TheRetard: You act like the president is a dictator
(66:25 / All) Barathrum: BUSH HAS BEEN
(66:26 / All) TheRetard: SO DID DEMOCRATS
(66:36 / All) Barathrum: Mcain is fail
(66:43 / All) Barathrum: 5,000 for health care
(66:44 / All) Barathrum: plan?
(66:46 / All) Barathrum: ok
(66:47 / All) Barathrum: it costs my dad
(66:49 / All) Barathrum: 12000
(66:51 / All) Barathrum: to even get 
(66:53 / All) Barathrum: health care
(66:54 / All) Barathrum: for his buss
(66:57 / All) Barathrum: wheres the other 7k
(66:59 / All) Barathrum: fuck tjhat
(67:03 / All) Pale.Nudist: You do mean McCain right, you dumb nigger?
(67:11 / All) Barathrum: mcain is a moron
(67:16 / All) Barathrum: im high
(67:19 / All) Pale.Nudist: Which means u know jack shit about him
(67:21 / All) Pale.Nudist: Obviously
(67:23 / All) sc2no.wc4yes: mccain is a tired old man
(67:26 / All) Pale.Nudist: You're talking like a stoner
(67:30 / All) Barathrum: no
(67:32 / All) sc2no.wc4yes: he called america his fellow prisoners
(67:34 / All) Barathrum: mccain
(67:36 / All) TheRetard: Obama has no experiance and votes for socialism
(67:47 / All) TheRetard: Obama is a moron
(67:51 / All) sc2no.wc4yes: a little socialism would shake this country up
(67:52 / All) Pale.Nudist: He is a moron
(67:53 / All) Barathrum: MCCAIN VOTES TO SEND JOBS OVER SEAS
(67:54 / All) sc2no.wc4yes: get us back on the right track
(67:57 / All) Barathrum: He doesnt see a problem
(67:58 / All) Pale.Nudist: "Spread the wealth"
(67:59 / All) Barathrum: sending jobs
(68:01 / All) TheRetard: Thats what we need to run the country, a fucking comunity organizer
(68:04 / All) Pale.Nudist: Make niggers  work less
(68:07 / All) sc2no.wc4yes: a vote for socialism is a vote for human beings
(68:10 / All) albani: I have time all night
(68:22 / All) Pale.Nudist: So do I
(68:24 / All) Barathrum: me 2
(68:27 / All) TheRetard: Thats why people in socialist countries float on rafts over there
(68:34 / All) Pale.Nudist: Im gonna start playing wow
(68:38 / All) Pale.Nudist: ROFL
(68:39 / All) Barathrum: wow is fail
(68:39 / All) sc2no.wc4yes: cuba is poor because the us starved it
(68:43 / All) sc2no.wc4yes: not because of socialism
(68:50 / All) Pale.Nudist: The retard has gained my loyalty
(68:54 / All) Pale.Nudist: He at least talks sense
(69:00 / All) Barathrum: Mccain does?
(69:07 / All) Barathrum: His health care plan
(69:08 / All) Barathrum: is total fail
(69:12 / All) Pale.Nudist: Fuck healthcare
(69:18 / All) albani: cuba is  communist and stalinist.
(69:32 / All) Pale.Nudist: There is nothing wrong with our healthcare
(69:38 / All) Pale.Nudist: It weeds out the weak
(69:43 / All) Barathrum: ROFL
(69:43 / All) sc2no.wc4yes: dumb mindset
(69:45 / All) Barathrum: its fail
(69:49 / All) Pale.Nudist: They dont need to proliferate
(69:52 / All) TheRetard: I have healthcare, I pay 10bucks a week god thats expensive
(69:59 / All) sc2no.wc4yes: difference between haves and have nots is luck for the most part
(70:04 / All) Barathrum: what happens if u get sick
(70:05 / All) Pale.Nudist: Yeah, get fucking jobs and dont rely on welfare
(70:06 / All) Barathrum: like
(70:07 / All) TheRetard: its cheap when you hav ea fucking job that isnt burger king
(70:12 / All) Barathrum: deathly sick
(70:17 / All) sc2no.wc4yes: i hope you arent christian
(70:18 / All) Pale.Nudist: Then Im okay
(70:20 / All) sc2no.wc4yes: with an attitude liek that
(70:22 / All) Pale.Nudist: Cuz I'm not weak
(70:28 / All) Barathrum: ur a moron
(70:30 / All) Pale.Nudist: I have insurance for healthcare
(70:30 / All) Barathrum: who the fuck raised u
(70:38 / All) Barathrum: some fucking hick?
(70:44 / All) Pale.Nudist: Emm welcome to Kentucky??
(70:49 / All) Pale.Nudist: k bye faggot
(70:54 / All) Pale.Nudist: I hope our healthcare system fuck u over
(70:54 / All) Barathrum: guess so
(70:57 / All) Pale.Nudist: I hope u get cancer
(71:01 / All) TheRetard: ROFL
(71:03 / All) Barathrum: ALRDY HAD
(71:04 / All) Barathrum: CANCER
(71:05 / All) Barathrum: NIGGGA
(71:06 / All) Barathrum: I LIVED
(71:09 / All) Barathrum: TO TELL THE TALE
(71:14 / All) Barathrum: I AITN WEAK
(71:16 / All) TheRetard: They should move to Canada and enjoy their health care
(71:18 / All) Pale.Nudist: This time
(71:21 / All) Pale.Nudist: It will be your tongue
(71:25 / All) Pale.Nudist: So they cut it out
(71:25 / All) Barathrum: dout it
(71:27 / All) Pale.Nudist: and u cant speak
(71:31 / All) Pale.Nudist: or suck cock
(71:31 / All) Barathrum: ROFL
(71:39 / Allies) Barathrum: dont speak about ur mother like taht like
(71:42 / All) Barathrum: she is ur sister
(71:43 / All) Barathrum: FFS
(71:53 / All) Pale.Nudist: Wow the cancer musta hit your brain
(72:14 / All) albani: You going to die before game end
(72:32 / All) TheRetard: I cant wait to submit the replay to blizzard
(72:50 / All) Barathrum: ive alrdy emailed
(72:57 / All) Barathrum: wc4
(72:58 / All) Barathrum: is fail 2
(73:02 / All) Barathrum: fucking heros r gay
(73:06 / All) Barathrum: ITS ALL ABOUT MASSSSSSSSS
(73:18 / All) Barathrum: fuck it im gonna play dota
(73:24 / All) albani: your are gay
(73:25 / All) TheRetard: If red had fucking learn to micro this woulda been over way earlier
(73:28 / All) sc2no.wc4yes: i cant wait to submit this replay to http://highper.ch
(73:41 / All) TheRetard: Thats prob a keylogger
(73:45 / All) Barathrum: ya no shit
(74:04 / All) Barathrum: i cant wait for oboma to unfuck this country
(74:06 / All) Barathrum: NEO CONS
(74:14 / All) Barathrum: ftl
(74:15 / All) Barathrum: And
(74:17 / All) Barathrum: fucking
(74:19 / All) Barathrum: RELIGON
(74:20 / All) Barathrum: IS SO FAIL
(74:21 / All) TheRetard: If obama did some how win the election, how long do you think hes gona live?
(74:27 / All) Barathrum: i give him
(74:29 / All) sc2no.wc4yes: what do you mean somehow
(74:30 / All) Barathrum: a few months
(74:33 / All) TheRetard: I would fucking quit the secrete service
(74:34 / All) sc2no.wc4yes: he is going to win by a landlside
(74:35 / All) TheRetard: rofl
(74:41 / All) sc2no.wc4yes: secrete servicE?
(74:43 / All) sc2no.wc4yes: what do u do
(74:45 / All) sc2no.wc4yes: fart all day
(74:49 / All) Barathrum: rofl
(74:53 / All) Barathrum: ud be protecting
(74:54 / All) Barathrum: a black guy
(74:57 / All) Barathrum: who is gonna get shot
(74:59 / All) TheRetard: DUmbass I am saying if  i was in it
(75:02 / All) albani: the communist castro is going to kill him
(75:08 / All) Barathrum: castro is dead
(75:10 / All) Barathrum: FYI
(75:14 / All) TheRetard: His brother
(75:21 / Allies) sc2no.wc4yes: purple
(75:23 / Allies) sc2no.wc4yes: give me all ur gold
(75:26 / Allies) sc2no.wc4yes: and ill build
(75:32 / All) Pale.Nudist: build what?
(75:33 / All) TheRetard: I use to date a Cubin chick
(75:36 / All) albani: castro and you are g- kiss obama asss
(75:37 / All) TheRetard: SHe hated that mother fucker
(75:40 / Allies) sc2no.wc4yes: idk
(75:46 / All) Barathrum: every cuban does
(75:46 / Allies) sc2no.wc4yes: good point
(75:48 / All) Barathrum: i live in
(75:49 / All) Barathrum: fl
(75:51 / All) Barathrum: i know
(75:54 / All) Barathrum: i see the fuckers every day
(76:01 / All) Barathrum: And the puritoricans
(76:03 / All) TheRetard: She was fucking hot too, 
(76:04 / All) Barathrum: or how ever u spell them
(76:06 / All) Barathrum: omfg
(76:09 / All) Barathrum: duh
(76:11 / All) Barathrum: cuban woman
(76:12 / All) Barathrum: $$$$$$$$$$$$$$$$$
(76:18 / All) Barathrum: and
(76:20 / All) Barathrum: Rican
(76:21 / All) Barathrum: woman
(76:23 / All) Barathrum: ++++++++++
(76:33 / All) TheRetard: LoL
(76:37 / All) TheRetard: They got the booty 
(76:39 / All) Barathrum: rican
(76:42 / All) Barathrum: woman
(76:51 / All) Barathrum: r the angryest
(76:54 / All) Barathrum: fucking bitches
(76:55 / All) Barathrum: ever
(76:57 / All) Barathrum: holy fuck
(77:00 / All) Barathrum: if u like
(77:02 / All) Barathrum: bitchy
(77:03 / All) Barathrum: women
(77:06 / All) Barathrum: get ur self a rican
(77:10 / All) Barathrum: and they will stab u
(77:14 / All) Pale.Nudist: THey're lazy, no thnx
(77:19 / All) Barathrum: she didnt break my heart
(77:20 / All) Pale.Nudist: Like all PR's
(77:22 / All) Barathrum: but she did stab me
(77:34 / All) Barathrum: Rican pussy
(77:38 / All) Barathrum: is better then azn
(77:40 / All) Barathrum: imo
(77:43 / All) Barathrum: cuban 2
(77:46 / All) Barathrum: its
(77:48 / All) TheRetard: I only had half asian
(77:56 / All) Barathrum: honestly
(77:58 / All) Barathrum: azn
(78:01 / All) Barathrum: i didnt like
(78:08 / All) Barathrum: quite
(78:11 / All) Barathrum: dont say much
(78:14 / All) Barathrum: spanish woman
(78:17 / All) Barathrum: let u know
(78:20 / All) Barathrum: let everyone know
(78:23 / All) Barathrum: im getting FUCKED
(78:30 / All) TheRetard: I hear full blooded azn pussie is vertical
(78:50 / All) Pale.Nudist: So u fuck horizontal pussy?
(79:01 / All) Barathrum: just ur mothers
(79:03 / All) Pale.Nudist: Pussies are verticle
(79:05 / All) TheRetard: Yeah i said that bakwords
(79:06 / All) Barathrum: slash sister
(79:10 / All) TheRetard: Backward
(79:22 / All) Barathrum: KILLL HIM
(79:26 / All) Barathrum: BUILL SIT
(79:26 / All) sc2no.wc4yes: 8 hp
(79:27 / All) sc2no.wc4yes: nice
(79:48 / All) Barathrum: and cuban  / rican
(79:49 / All) Barathrum: will suck u
(79:52 / All) Barathrum: until u cum
(79:56 / All) Barathrum: then demand u fuck them
(79:59 / All) sc2no.wc4yes: how many girls have you been with blue?
(80:01 / All) sc2no.wc4yes: 40?
(80:08 / All) Barathrum: Nigga plz
(80:10 / All) TheRetard: plus your mother
(80:12 / All) Barathrum: i live in a college
(80:13 / All) Barathrum: town
(80:19 / All) Barathrum: for 3 years
(80:20 / All) Barathrum: i have no idea
(80:25 / All) Barathrum: lost count
(80:27 / All) Barathrum: around
(80:30 / All) Barathrum: 100ish
(80:32 / All) Pale.Nudist: yeah too many games of wc
(80:33 / All) TheRetard: he is a girls gone wild camera man
(80:38 / All) Pale.Nudist: Internet porn girls come an dgo
(80:44 / All) Pale.Nudist: THey're not faithful
(80:49 / All) Pale.Nudist: Faggot, is a virgin
(80:49 / All) Barathrum: no college girl is
(80:54 / All) Barathrum: fuck them
(80:57 / Allies) Barathrum: for a few weeks
(81:01 / All) Barathrum: for a few weeks
(81:02 / All) Barathrum: move on
(81:04 / All) Barathrum: to the next
(81:05 / All) Barathrum: hoe
(81:08 / All) Pale.Nudist: What did you get your degree in?
(81:13 / All) Barathrum: getting
(81:15 / All) Pale.Nudist: Oh wait, u jus tlived there
(81:16 / All) TheRetard: Hey purple
(81:22 / All) Barathrum: What did u get urs in
(81:27 / All) Pale.Nudist: I hope it's not in any language
(81:31 / All) Barathrum: iz not
(81:35 / All) Barathrum: english is fail 4 me
(81:42 / All) Pale.Nudist: That's funny
(81:43 / All) Barathrum: Tourrettes
(81:45 / All) Barathrum: disorder
(81:46 / All) Barathrum: is why
(81:47 / All) Barathrum: =*(
(81:58 / All) sc2no.wc4yes: how did your heros get so high level
(82:04 / All) sc2no.wc4yes: damn feeder allies
(82:32 / All) Barathrum: does teal
(82:34 / All) Barathrum: have 1 building?
(82:41 / Allies) sc2no.wc4yes: it would appear so
(82:44 / Allies) sc2no.wc4yes: theyre only guarding the one
(83:06 / All) Pale.Nudist: Yellow knows he cant win :D
(83:13 / Allies) sc2no.wc4yes: i cant lose either
(83:18 / All) Pale.Nudist: His DHawks will die b4 he suicides the hall
(83:30 / All) Pale.Nudist: I'm not giving this pile of shit gold either
(83:32 / All) Barathrum: how r u gonna win
(83:32 / All) sc2no.wc4yes: i have 70 food of elite fighting force
(83:53 / All) Barathrum: I wish my blade master didnt die
(83:57 / All) Barathrum: sad
(84:00 / All) Pale.Nudist: Make sure u guys build a buildin gsome where so after he suicides your hall u guys still have something
(84:15 / All) Barathrum: No1 has gold
(84:16 / All) Barathrum: To give
(84:18 / All) Barathrum: to teal?
(84:32 / All) TheRetard: yup I do
(84:53 / All) Barathrum: make like
(84:54 / All) sc2no.wc4yes: man
(84:57 / All) Barathrum: a shit load 
(84:58 / All) sc2no.wc4yes: i had to save you guys from purple
(85:03 / All) sc2no.wc4yes: he was goign to beat you with 4 gyros
(85:05 / All) sc2no.wc4yes: and now look at you
(85:09 / All) sc2no.wc4yes: you know what to do know
(85:11 / All) sc2no.wc4yes: now
(85:17 / All) Barathrum: afk
(85:18 / All) Barathrum: be back
(85:19 / All) sc2no.wc4yes: you should thank me for moulding you into a tough fighting force
(85:19 / All) Barathrum: tommorow
(85:33 / All) Pale.Nudist: He has himself to be thankful for
(85:40 / All) Pale.Nudist: being a giant queermo
(85:47 / All) Pale.Nudist: Guys
(85:53 / All) Pale.Nudist: If u want to stop his gay nesss
(85:58 / All) Pale.Nudist: He has a pig he's teleporting to
(85:59 / All) TheRetard: does he have any buildings units down here?
(86:04 / All) Pale.Nudist: a pig
(86:10 / All) TheRetard: Yeah i beeen kilign them
(86:11 / All) TheRetard: Where at
(86:18 / All) Pale.Nudist: gg dk
(86:26 / All) Pale.Nudist: wow guys
(86:33 / All) Pale.Nudist: why did u fuck this up
(86:33 / All) TheRetard: Damn
(86:38 / All) TheRetard: hes map hacking
(86:43 / All) Pale.Nudist: eh no?
(86:46 / All) sc2no.wc4yes: you killed my pig bottom left at 0:00
(86:51 / All) sc2no.wc4yes: at 0:30 i met you in mid
(86:55 / All) sc2no.wc4yes: conclusion: 
(86:57 / All) sc2no.wc4yes: maphack
(87:02 / All) Pale.Nudist: rofl
(87:11 / All) Barathrum: anyone play dota/
(87:14 / All) Barathrum: just
(87:15 / All) Barathrum: asking
(87:17 / All) TheRetard: Thats why you ran your units away everytime i got close to you top left
(87:28 / All) sc2no.wc4yes: i reveal ur little pile of units everytime i go top left
(87:37 / All) Pale.Nudist: XD
(87:40 / All) Barathrum: map hack doesnt work
(87:41 / All) TheRetard: With waht
(87:49 / All) Pale.Nudist: dude shut up he's not hacking kentucky faggot
(87:59 / All) Barathrum: wtf
(88:02 / All) Barathrum: Do dragon hawks
(88:02 / All) Barathrum: do
(88:04 / All) Pale.Nudist: h
(88:06 / All) TheRetard: WTF u scanning with
(88:07 / All) Barathrum: rhasts shackal?
(88:09 / Allies) sc2no.wc4yes: he still has a lot
(88:21 / All) Barathrum: towers
(88:23 / All) Barathrum: can scan
(88:24 / All) Barathrum: i think
(88:33 / Allies) Pale.Nudist: buy
(88:37 / All) Pale.Nudist: another tp staff
(88:41 / All) Pale.Nudist: tp to ure other hero
(88:53 / All) Pale.Nudist: and hand it over to it
(89:04 / Allies) Pale.Nudist: get that taur
(89:05 / All) Pale.Nudist: fffs
(89:08 / All) Pale.Nudist: fucking slob
(89:18 / All) Barathrum: 6 mk
(89:19 / All) Barathrum: nice
(89:21 / All) TheRetard: I cant control teal
(89:27 / All) Pale.Nudist: 6mk?
(89:27 / All) Barathrum: o wait that was alchy
(89:29 / All) sc2no.wc4yes: thx for the info
(89:41 / All) Barathrum: use desa
(89:43 / All) Barathrum: Desua
(89:46 / All) Barathrum: the naga
(89:47 / All) Barathrum: whore
(90:22 / All) Barathrum: why did u kill my hero
(90:24 / All) Barathrum: i put his staff
(90:25 / All) Barathrum: Ojn
(90:27 / All) Barathrum: my blade
(90:35 / Allies) sc2no.wc4yes: i didnt want to win too fast
(90:40 / Allies) sc2no.wc4yes: or it would be like the island of towers didnt matte rat all
(90:41 / Allies) sc2no.wc4yes: :(
(90:42 / Allies) Barathrum: u cant win
(91:51 / Allies) Barathrum: u gonna end it
(91:58 / Allies) Pale.Nudist: dont end it
(92:07 / All) Pale.Nudist: im enjoying your faggotry
(92:20 / All) Pale.Nudist: he'll lose the battle
(92:21 / All) Barathrum: Dude
(92:26 / All) Barathrum: give teal
(92:27 / All) Barathrum: gold
(92:29 / All) Barathrum: so he can tower
(92:30 / Allies) Pale.Nudist: hell no
(92:38 / Allies) Pale.Nudist: he's yellow
(92:40 / All) Pale.Nudist: Btw
(92:44 / All) Pale.Nudist: u cock mongler
(92:48 / All) TheRetard: he just cloud
(93:06 / All) Barathrum: ok
(93:07 / All) Barathrum: build
(93:09 / All) Barathrum: Like
(93:15 / All) Barathrum: bats
(93:24 / All) TheRetard: yellow fails lol
(93:27 / All) sc2no.wc4yes: i did this the other day vs a batter
(93:29 / All) Barathrum: MASS BATS
(93:34 / All) sc2no.wc4yes: i lost a few gargs to it and had to hide for a long time
(93:39 / All) sc2no.wc4yes: came back hour later and he was afk
(93:46 / All) sc2no.wc4yes: so i put lich on hill above his towes and decayed them
(93:47 / All) sc2no.wc4yes: GG
(94:04 / Allies) Barathrum: dota 2v2 -apemnb
(94:05 / Allies) Barathrum: dota 2v2 -apemnb
(94:05 / Allies) Barathrum: dota 2v2 -apemnb
(94:05 / Allies) Barathrum: dota 2v2 -apemnb
(94:06 / Allies) Barathrum: dota 2v2 -apemnb
(94:06 / Allies) Barathrum: dota 2v2 -apemnb
(94:07 / Allies) Barathrum: dota 2v2 -apemnb
(94:08 / Allies) Barathrum: dota 2v2 -apemnb
(94:08 / Allies) Barathrum: dota 2v2 -apemnb
(94:08 / Allies) Barathrum: dota 2v2 -apemnb
(94:09 / Allies) Barathrum: dota 2v2 -apemnb
(94:09 / Allies) Barathrum: dota 2v2 -apemnbdota 2v2 -apemnb
(94:10 / All) Pale.Nudist: MY GOODNESS
(94:10 / Allies) Barathrum: dota 2v2 -apemnb
(94:10 / Allies) Barathrum: dota 2v2 -apemnb
(94:17 / All) sc2no.wc4yes: i hate dota
(94:26 / Allies) Barathrum: i league dota
(94:32 / All) Pale.Nudist: focus this queer's goblin alchemist first
(94:43 / All) Barathrum: or
(94:44 / All) Pale.Nudist: then focus down his hawks
(94:53 / All) Barathrum: let him win
(95:11 / Allies) Barathrum: scan his shit
(95:16 / All) TheRetard: im watching TV and fucking with my other screen
(95:25 / All) sc2no.wc4yes: good dont micro when i attakc
(95:39 / Allies) Barathrum: use
(95:40 / Allies) Barathrum: ur
(95:41 / All) TheRetard: What ever dude
(95:43 / Allies) Barathrum: mk
(95:45 / Allies) Barathrum: and kill
(95:46 / Allies) Barathrum: buggs
(95:50 / Allies) sc2no.wc4yes: that fucking statue
(95:52 / Allies) sc2no.wc4yes: heals them
(95:56 / Allies) Pale.Nudist: they can burrow
(96:01 / All) Pale.Nudist: u fucking turd
(96:05 / Allies) Barathrum: he can scan
(96:06 / Allies) sc2no.wc4yes: i can reveal burrowed fiends
(96:09 / Allies) Barathrum: idiot
(96:09 / Allies) Pale.Nudist: wont work
(96:12 / All) Pale.Nudist: hell die
(96:14 / All) TheRetard: If yellow leaves, ill leave 
(96:15 / Allies) Barathrum: give me 
(96:15 / Allies) Barathrum: gold
(96:19 / Allies) Barathrum: and control
(96:22 / Allies) Barathrum: ill buy my blade
(96:24 / All) sc2no.wc4yes: if blue and purp leave, ill finish the game
(96:32 / All) Pale.Nudist: U can buy a blade with no burrows?
(96:36 / Allies) sc2no.wc4yes: no
(96:39 / Allies) Barathrum: o gay
(96:42 / All) Pale.Nudist: dum shit
(97:22 / Allies) Barathrum: purp
(97:24 / Allies) Barathrum: give me ur gold
(97:30 / All) Pale.Nudist: no queermo
(97:36 / All) TheRetard: Wheres he at
(97:40 / All) Pale.Nudist: no goldz 4 u
(97:42 / All) Barathrum: hes at
(97:45 / All) Pale.Nudist: merc shop
(97:49 / All) Barathrum: merc shop
(97:52 / All) Barathrum: right side
(97:57 / Allies) Barathrum: i lied
(97:58 / Allies) Barathrum: see
(97:59 / All) Pale.Nudist: mer cshop i son left
(98:01 / Allies) Barathrum: if they take the bait
(98:17 / All) Pale.Nudist: That queer is chillin on the left side
(98:20 / All) Pale.Nudist: y i dont know
(98:26 / All) Pale.Nudist: not like that faggot can buy anything
(98:40 / All) Pale.Nudist: dum shit has no farms
(98:45 / All) Pale.Nudist: and no production buildings
(99:08 / Allies) Barathrum: if he lags
(99:09 / Allies) Barathrum: out
(99:13 / Allies) Barathrum: we can win it
(99:19 / All) sc2no.wc4yes: can we pause it?
(99:23 / All) sc2no.wc4yes: since noone is moving?
(99:26 / All) Pale.Nudist: if he lags out i will force a lose
(99:30 / All) Pale.Nudist: no faggot
(99:35 / All) Pale.Nudist: dont let him
(99:51 / Allies) Pale.Nudist: listen stupid, just fuckin go in
(99:54 / Allies) Pale.Nudist: and kill his fiends
(99:57 / Allies) Pale.Nudist: then tp out
(99:58 / Allies) sc2no.wc4yes: pay me
(100:01 / Allies) Pale.Nudist: i'll give u 400 gold
(100:01 / Allies) sc2no.wc4yes: pay me
(100:06 / Allies) sc2no.wc4yes: i ahve low upkeep
(100:10 / Allies) sc2no.wc4yes: thx
(100:19 / Allies) Barathrum: what does 400 gold
(100:20 / Allies) Barathrum: due?
(100:25 / Allies) Pale.Nudist: TP
(100:26 / Allies) sc2no.wc4yes: so i can buy a tp
(100:28 / Allies) Pale.Nudist: do*
(100:32 / All) Pale.Nudist: god he's dumb
(100:41 / All) Pale.Nudist: Kentucky derby neone?
(100:46 / All) Pale.Nudist: Fuck
(100:52 / Allies) Barathrum: scan n kill
(101:01 / All) Pale.Nudist: His stats comprises 13 percent of hS dropouts
(101:08 / All) Pale.Nudist: no wonder america is so fucking dumb
(101:09 / All) sc2no.wc4yes: lets have a hero fight in muiddle
(101:13 / All) sc2no.wc4yes: heros only
(101:17 / All) sc2no.wc4yes: mine are lower level
(101:21 / All) sc2no.wc4yes: and u have magic immunity with avatar
(101:50 / All) sc2no.wc4yes: whoa nice flare
(101:58 / All) sc2no.wc4yes: i know where to flare you too!
(102:04 / Allies) Pale.Nudist: If u go kill his fiends
(102:09 / Allies) Pale.Nudist: i'll give u more gold
(102:15 / Allies) Pale.Nudist: ifu dont u dont get anymore ^^
(102:16 / Allies) sc2no.wc4yes: u dont haev very much
(102:21 / Allies) Barathrum: he has
(102:21 / Allies) Barathrum: 3k
(102:23 / Allies) Barathrum: idiot
(102:27 / Allies) sc2no.wc4yes: he has liek 1500
(102:31 / Allies) sc2no.wc4yes: enough for 3 hawks
(102:32 / Allies) Pale.Nudist: 1500
(102:34 / All) Pale.Nudist: u?
(102:36 / All) Pale.Nudist: non
(102:40 / Allies) Pale.Nudist: EMM try no hawks?
(102:43 / Allies) Pale.Nudist: u have no buildings
(102:44 / Allies) Pale.Nudist: faggot
(102:54 / Allies) Pale.Nudist: how stupid exactly are you?
(103:00 / Allies) sc2no.wc4yes: 1500 = aviary + farms + few hawks
(103:06 / Allies) Barathrum: i saw
(103:07 / Allies) Barathrum: purple
(103:10 / Allies) Barathrum: b4 u killed his shit
(103:11 / Allies) Barathrum: with 3k
(103:18 / All) Pale.Nudist: EMm no wont have enough
(103:27 / Allies) Barathrum: build a
(103:29 / Allies) Barathrum: factory
(103:30 / Allies) Barathrum: get
(103:31 / Allies) Barathrum: those
(103:35 / Allies) Barathrum: flying machines
(104:09 / Allies) Barathrum: tp
(104:13 / Allies) Pale.Nudist: kill rifles
(104:20 / Allies) Barathrum: tp
(104:21 / Allies) Barathrum: now
(104:24 / Allies) Barathrum: he will kill u
(104:28 / Allies) sc2no.wc4yes: gold pls
(105:29 / Allies) Barathrum: if u need
(105:30 / Allies) Barathrum: gold
(105:32 / Allies) Barathrum: sell ur heros items
(105:46 / Allies) sc2no.wc4yes: my dead heros are the ones with staff of tp
(105:56 / All) TheRetard: comeon i have no aa now, come take me down
(106:05 / All) TheRetard: Down be a scared pos
(106:06 / All) Pale.Nudist: K queer
(106:16 / All) sc2no.wc4yes: rebuilding
(106:59 / All) Pale.Nudist: so he brings
(107:03 / All) Pale.Nudist: all the hawks back
(107:06 / All) Pale.Nudist: instead of microing 1
(107:10 / All) Pale.Nudist: back to the fountain
(107:14 / All) TheRetard: yeah he sucks
(107:22 / All) Pale.Nudist: we are dealing with 2 of u retard
(108:13 / All) TheRetard: Thunder bolt needs a faster CD
(108:19 / All) sc2no.wc4yes: agreed
(108:22 / All) TheRetard: This woulda been over by now if I wason playing him
(108:22 / All) Barathrum: k
(108:33 / All) Barathrum: end it yellow
(108:37 / All) TheRetard: I wouldnt have massed hawks for one thing
(108:44 / All) sc2no.wc4yes: this woulda been all over if i hadnt gone afk from 20:00-45:00
(108:49 / All) TheRetard: Im gona laugh when his account gets banned
(109:04 / All) Barathrum: me 2
(109:07 / All) TheRetard: Comeon pussy
(109:11 / All) TheRetard: WIth al ittle micro its over
(109:16 / All) sc2no.wc4yes: micro?
(109:19 / All) sc2no.wc4yes: i can focus ur main
(109:20 / All) sc2no.wc4yes: and its over
(109:26 / All) Barathrum: so do ti
(109:30 / All) TheRetard: yeah but you scared to loste one
(109:32 / All) sc2no.wc4yes: iw ant my heros to be alvie for it
(109:40 / All) TheRetard: you're a fucking moron
(109:52 / All) TheRetard: But I knew that when you typed obama08 lol
(110:05 / All) Barathrum: like mccain is a good choice
(110:11 / All) Barathrum: hes ruined america
(110:17 / All) Pale.Nudist: ?
(110:21 / All) TheRetard: ROFL single handeldly?
(110:25 / All) sc2no.wc4yes: theretard, this is my rrevenge on you for stabbing someone with a democrat name
(110:26 / All) TheRetard: You're fucking stupid
(110:27 / All) Barathrum: the neo cons
(110:28 / All) Barathrum: and